Map: Frost LE

Players

AqueroN - Winner!

  • Race: Terran Terran

Miszu

  • Race: Terran Terran
  • League: Master

VOD

Have the link to the VOD?

Description

Time

  • Played on: July 3, 2016, 9:07 a.m.
  • Length: 4:03
Show
View Real Time Build Order
Export as new Build Order

AqueroN Terran - Winner!

Build Orders: 1/1/1 

Get SALT Encoding   

  12  0:00  SCV  
  13  0:12  SCV  
  14  0:18  Supply Depot  
  14  0:24  SCV  
  15  0:31  Refinery  
  15  0:39  SCV  
  16  0:44  Barracks  
  16  0:51  SCV  
  17  0:57  Refinery  
  17  1:04  SCV  
  18  1:16  SCV  
  19  1:31  Orbital Command  
  19  1:32  Factory  
  19  1:36  Reaper  
  20  1:48  Supply Depot  
  20  1:57  SCV  
  21  2:08  Reaper  
  21  2:09  SCV  
  25  2:15  Hellion  
  25  2:20  Starport  
  25  2:23  SCV  
  26  2:35  SCV  
  27  2:38  Hellion  
  27  2:41  Reaper  
  30  2:47  SCV  
  31  2:58  Supply Depot  
  31  3:03  Medivac, SCV  
  31  3:04  Hellion  
  36  3:23  SCV  
  39  3:35  SCV  
  39  3:38  Barracks Reactor, Factory Tech Lab  
  39  3:39  Starport Tech Lab  
  38  3:47  Supply Depot  
  38  3:48  Command Center  
Show
View Real Time Build Order
Export as new Build Order

Miszu Terran 

Build Orders:  

Get SALT Encoding   

  12  0:00  SCV  
  13  0:13  SCV  
  14  0:17  Supply Depot  
  14  0:25  SCV  
  15  0:39  SCV  
  15  0:40  Barracks  
  16  0:51  SCV  
  17  1:03  SCV  
  19  1:25  Command Center  
  18  1:27  Orbital Command  
  18  1:29  Marine  
  19  1:39  Barracks  
  19  1:47  Marine  
  19  1:53  SCV  
  21  1:54  Refinery  
  21  1:58  Refinery  
  21  2:04  Marine  
  21  2:05  SCV  
  23  2:13  Supply Depot  
  23  2:22  Bunker  
  23  2:35  SCV  
  25  2:37  Barracks Reactor  
  25  2:43  Barracks Tech Lab, Barracks  
  24  2:48  Orbital Command  
  23  2:58  SCV  
  24  3:01  Marine  
  24  3:12  Marine  
  24  3:19  Marine x2  
  25  3:23  SCV  
  24  3:27  SCV  
  24  3:30  Marine  
  26  3:35  SCV  
  26  3:37  Marine  
  26  3:39  SCV  
  29  3:47  SCV  
Tags
 
League
Master
Matchup
TvT
Opening
1/1/1
Player
AqueroN
Race
Terran
Add a new tag
Caveats
  • Supply blocks, unpowered buildings, or Contaminate may cause inaccurate times.
  • Supply counts are checked every 10 seconds.